 Dungeon Crawl Stone Soup version 0.26-a0-831-g7192265339 (webtiles) character file.

Game seed: 246323182131352236

266 strifetoe the Cleaver (level 6, -8/51 HPs)
             Began as a Hill Orc Fighter on Nov 15, 2020.
             Was a Follower of Uskayaw.
             Mangled by an ogre
             ... wielding a +0 giant spiked club
              (29 damage)
             ... on level 4 of the Dungeon.
             The game lasted 00:03:48 (2961 turns).

strifetoe the Cleaver (Hill Orc Fighter)            Turns: 2961, Time: 00:03:49

Health: -8/51      AC: 10    Str: 21    XL:     6   Next: 20%
Magic:  6/6        EV:  5    Int:  8    God:    Uskayaw [*.....]
Gold:   218        SH:  9    Dex: 10    Spells: 5/5 levels left

rFire    . . .     SeeInvis .   a - +0 war axe
rCold    . . .     Faith    .   c - +0 kite shield
rNeg     . . .     Spirit   .   f - +0 chain mail
rPois    .         Reflect  .   (no helmet)
rElec    .         Harm     .   (no cloak)
rCorr    .         Rampage  .   (no gloves)
MR       .....                  g - +0 pair of boots
Stlth    ..........             (no amulet)
HPRegen  0.17/turn              h - ring of flight
MPRegen  0.10/turn              (no ring)

@: no status effects
A: no striking features
a: Stomp, Renounce Religion, Evoke Flight


You were on level 4 of the Dungeon.
You worshipped Uskayaw.
Uskayaw was noncommittal.
You visited 1 branch of the dungeon, and saw 4 of its levels.

You collected 218 gold pieces.

Inventory:

Hand Weapons
 a - a +0 war axe (weapon)
Armour
 b - a +0 scale mail
 c - a +0 kite shield (worn)
 f - a +0 chain mail (worn)
 g - a +0 pair of boots (worn)
Jewellery
 h - a ring of flight (left hand)
Wands
 q - a wand of enslavement (11)
Scrolls
 i - 4 scrolls of remove curse {unknown}
 k - 4 scrolls of identify {unknown}
 l - a scroll of random uselessness {unknown}
 n - a scroll of fear {unknown}
 o - 2 scrolls of enchant weapon {unknown}
 r - 2 scrolls of teleportation {unknown}
Potions
 d - 2 potions of might
 e - a potion of haste {unknown}
 j - 3 potions of curing {unknown}
 m - a potion of heal wounds {unknown}
 p - a potion of degeneration {unknown}


   Skills:
 - Level 3.6 Fighting
 + Level 8.4 Axes
 - Level 3.2 Armour
 - Level 3.2 Shields


You had 5 spell levels left.
You didn't know any spells.
Your spell library was empty.

Dungeon Overview and Level Annotations

Branches:
Dungeon (4/15)
 Temple: D:4-7

Altars:
Trog
Uskayaw
Wu Jian
Xom
The Shining One


Message History

You block the giant cockroach's attack.
You slash the giant cockroach!
You kill the giant cockroach!
You hit the ogre but do no damage.
The ogre hits you with a +0 giant spiked club!!
You hit the ogre.
The ogre is lightly wounded.
The ogre hits you with a +0 giant spiked club!
You are too injured to fight recklessly!
You are too injured to fight recklessly!
You are too injured to fight recklessly!
You are too injured to fight recklessly!
An ogre is nearby!
An ogre is nearby!
Unknown command.
You slash the ogre!
The ogre is moderately wounded.
The ogre hits you with a +0 giant spiked club!!
Ouch! That really hurt!
You die...

..#..###.............#.
........................
.....#..................
...).........?........#
...#..#...............#
.).....................
.##..##.............#
#....##.##..##......#...
#.......#..###..@!......
........##.##....O......
.#.#....##.##...........
#####....#.#............
#...................
#.....#..##...........
#..##..#.####..........
..........# #..........
.####....## ..


You could see an ogre.

Vanquished Creatures
  A hound (D:4)
  A worker ant (D:3)
  A hound skeleton (D:4)
  7 adders
  4 gnolls (D:4)
  An ooze (D:1)
  A worm (D:2)
  3 dart slugs
  3 leopard geckos
  9 giant cockroaches
  10 goblins
  15 hobgoblins
  6 kobolds
  12 bats
  3 frilled lizards
  9 rats
86 creatures vanquished.

Vanquished Creatures (others)
  A fungus (D:1)
1 creature vanquished.

Grand Total: 87 creatures vanquished

Notes
Turn   | Place    | Note
-------+----------+-------------------------------------------
     0 | D:1      | strifetoe the Hill Orc Fighter began the quest for the Orb.
     0 | D:1      | Reached XP level 1. HP: 19/19 MP: 1/1
    55 | D:1      | Reached skill level 3 in Axes
   140 | D:1      | Reached XP level 2. HP: 20/26 MP: 2/2
   295 | D:1      | Found a glowing golden altar of the Shining One.
   325 | D:1      | Reached skill level 4 in Axes
   645 | D:1      | Reached XP level 3. HP: 30/31 MP: 3/3
  1048 | D:2      | Reached skill level 5 in Axes
  1589 | D:2      | Reached XP level 4. HP: 39/39 MP: 4/4
  1594 | D:2      | Found a shimmering altar of Xom.
  1597 | D:2      | Found an ornate altar of the Wu Jian Council.
  1598 | D:2      | Found a bloodstained altar of Trog.
  1598 | D:2      | Found a hide-covered altar of Uskayaw.
  1661 | D:2      | Reached skill level 6 in Axes
  1794 | D:2      | Became a worshipper of Uskayaw the Reveller
  1846 | D:2      | Reached * piety under Uskayaw
  1853 | D:2      | Reached ** piety under Uskayaw
  2099 | D:3      | Reached XP level 5. HP: 45/45 MP: 5/5
  2261 | D:3      | Reached skill level 7 in Axes
  2697 | D:4      | Reached *** piety under Uskayaw
  2700 | D:4      | Reached **** piety under Uskayaw
  2701 | D:4      | Reached skill level 8 in Axes
  2701 | D:4      | Reached XP level 6. HP: 40/51 MP: 6/6
  2961 | D:4      | Mangled by an ogre

Illustrated notes

Levels and vault maps discovered:
D:1:      dpeg_cavernosity, layout_loops_ring, minivault_14, tso_metal_star
D:2:      layout_basic, grunt_temple_overflow_open
D:3:      layout_loops_ring
D:4:      cheibrodos_barr_body, layout_cave_pools, minivault_27, uniq_ijyb

Skill      XL: |  1  2  3  4  5 |
---------------+----------------+-----
Axes           | 3 4 5 6 8 |  8.4
Fighting       | |  3.6
Armour         | |  3.2
Shields        | |  3.2

Action                   |  1- 3 |  4- 6 || total
-------------------------+-------+-------++-------
Melee: War axe           |   119 |   148 ||   267
 Stab: Paralysed         |       |     2 ||     2
Armor: Chain mail        |    54 |    89 ||   143
       Scale mail        |     2 |       ||     2
Dodge: Dodged            |    27 |    36 ||    63
Block: Kite shield       |    53 |    77 ||   130

Table legend: (Time is in decaauts)
 A = Elapsed time spent in this place.
 B = Non-inter-level travel time spent in this place.
 C = Inter-level travel time spent in this place.
 D = Time resting spent in this place.
 E = Time spent auto-exploring this place.
 F = Levels seen in this place.
 G = Mean time per level.
                   A        B        C        D        E       F      G
               +--------+--------+--------+--------+--------+-----+--------+
         Total |   3038 |   2923 |    115 |    621 |   1697 |   4 |  759.5 |
       Dungeon |   3038 |   2923 |    115 |    621 |   1697 |   4 |  759.5 |
               +--------+--------+--------+--------+--------+-----+--------+

Top non-repeatable levels by time:
     D:1: 1073 daAuts
     D:2: 1022 daAuts
     D:3: 557 daAuts
     D:4: 385 daAuts
